APP
OAKLAND (APP) ATHLETICS @ GREAT FALLS VOYAGERS
06/28/2046
 
TOP OF THE 1ST
Oakland (APP) Athletics batting - Pitching for Great Falls Voyagers : RHP Nate Woodard
Pitching: RHP Nate Woodard
Batting: LHB Tomas Segarra 0-0: Called Strike
0-1: SOLO HOME RUN (Flyball, 9D, EV 98.1 MPH), Distance : 376 ft
Batting: RHB Matt Sherard 0-0: Swinging Strike
0-1: Ball
1-1: Foul Ball, location: 2F
1-2: Ball
2-2: Ball
3-2: Ground out 5-3 (Groundball, 56S, EV 93.1 MPH)
Batting: LHB Gregg Power 0-0: Swinging Strike
0-1: Called Strike
0-2: Ball
1-2: Fly out, F7 (Flyball, 7D, EV 101.9 MPH)
Batting: RHB Moses Brokken 0-0: Called Strike
0-1: Foul Ball, location: 2F
0-2: Foul Ball, location: 2F
0-2: Ball
1-2: Ground out 6-3 (Groundball, 56, EV 84.4 MPH)
Top of the 1st over - 1 run, 1 hit, 0 errors, 0 left on base; Oakland (APP) 1 - Great Falls 0
BOTTOM OF THE 1ST
Great Falls Voyagers batting - Pitching for Oakland (APP) Athletics : RHP Jesus Moreno
Pitching: RHP Jesus Moreno
Batting: SHB Jay Gagnon 0-0: Called Strike
0-1: Ball
1-1: Called Strike
1-2: Foul Ball, location: 2F
1-2: Strikes out swinging
Batting: RHB Mike Rosa 0-0: Ball
1-0: Ball
2-0: Ball
3-0: Called Strike
3-1: Called Strike
3-2: Fly out, F5 (Line Drive, 5L, EV 69.4 MPH)
Batting: RHB Duncan Collins 0-0: Foul Ball, location: 2F
0-1: Foul Ball, location: 2F
0-2: Ball
1-2: Foul Ball, location: 2F
1-2: Ball
2-2: Fly out, F8 (Flyball, 89M, EV 85.6 MPH)
Bottom of the 1st over - 0 runs, 0 hits, 0 errors, 0 left on base; Oakland (APP) 1 - Great Falls 0
TOP OF THE 2ND
Oakland (APP) Athletics batting - Pitching for Great Falls Voyagers : RHP Nate Woodard
Batting: LHB Tom Raupp 0-0: Ball
1-0: Called Strike
1-1: Ball
2-1: Ball
3-1: Foul Ball, location: 2F
3-2: Strikes out swinging
Batting: RHB Tetsuya Shinoda 0-0: Called Strike
0-1: Ball
1-1: Ball
2-1: Foul Ball, location: 2F
2-2: DOUBLE (Flyball, 89D, EV 93.8 MPH)
Batting: RHB Zack DiCicco 0-0: Ball
1-0: Swinging Strike
1-1: Ball
2-1: Foul Ball, location: 2F
2-2: Foul Ball, location: 2F
2-2: Ball
3-2: Strikes out swinging
Batting: RHB Marcus Kressley 0-0: Called Strike
0-1: Ball
1-1: Ball
2-1: Foul Ball, location: 2F
2-2: Fly out, F9 (Flyball, 9, EV 84.4 MPH)
Top of the 2nd over - 0 runs, 1 hit, 0 errors, 1 left on base; Oakland (APP) 1 - Great Falls 0
BOTTOM OF THE 2ND
Great Falls Voyagers batting - Pitching for Oakland (APP) Athletics : RHP Jesus Moreno
Batting: RHB Andy Cotton 0-0: Called Strike
0-1: SOLO HOME RUN (Line Drive, 7LD, EV 92.5 MPH), Distance : 347 ft
Batting: RHB Mitch Cuadros 0-0: Fly out, F7 (Line Drive, 7LM, EV 93.1 MPH)
Batting: RHB David Rhodes 0-0: SINGLE (Groundball, 56D, EV 101.9 MPH)
Batting: RHB Tommy Ellington 0-0: Ball
1-0: Ball
2-0: Called Strike
2-1: Foul Ball, location: 2F
2-2: Foul Ball, location: 2F
2-2: Grounds into double play, 6-4-3 (Groundball, 6, EV 86.9 MPH)
Bottom of the 2nd over - 1 run, 2 hits, 0 errors, 0 left on base; Oakland (APP) 1 - Great Falls 1
TOP OF THE 3RD
Oakland (APP) Athletics batting - Pitching for Great Falls Voyagers : RHP Nate Woodard
Batting: RHB Antonio Olivares 0-0: Called Strike
0-1: Swinging Strike
0-2: Ball
1-2: Foul Ball, location: 2F
1-2: SINGLE (Line Drive, 9S, EV 101.2 MPH)
Batting: LHB Tomas Segarra 0-0: Foul Ball, location: 2F
0-1: Ball
1-1: Foul Ball, location: 2F
1-2: Ball
2-2: Ball
3-2: SINGLE (Line Drive, 7S, EV 90.0 MPH)
Antonio Olivares to second
Antonio Olivares to third
Batting: RHB Matt Sherard 0-0: 3-RUN HOME RUN (Flyball, 78XD, EV 114.4 MPH), Distance : 423 ft
Batting: LHB Gregg Power 0-0: Ball
1-0: SOLO HOME RUN (Flyball, 89XD, EV 108.8 MPH), Distance : 407 ft
Pitching: RHP Chris Worster
Batting: RHB Moses Brokken 0-0: Foul Ball, location: 2F
0-1: Foul Ball, location: 2F
0-2: Ball
1-2: Ball
2-2: Foul Ball, location: 2F
2-2: Ball
3-2: SOLO HOME RUN (Flyball, 78XD, EV 99.4 MPH), Distance : 408 ft
Batting: LHB Tom Raupp 0-0: Ball
1-0: Ball
2-0: Called Strike
2-1: Ball
3-1: Foul Ball, location: 2F
3-2: SOLO HOME RUN (Flyball, 8LXD, EV 115.6 MPH), Distance : 445 ft
Batting: RHB Tetsuya Shinoda 0-0: Ground out 5-3 (Groundball, 5, EV 105.0 MPH)
Batting: RHB Zack DiCicco 0-0: Ball
1-0: Ground out 6-3 (Groundball, 6, EV 105.0 MPH)
Batting: RHB Marcus Kressley 0-0: Ball
1-0: Swinging Strike
1-1: DOUBLE (Groundball, 5L, EV 106.2 MPH)
Batting: RHB Antonio Olivares 0-0: Swinging Strike
0-1: Fly out, F7 (Line Drive, 7S, EV 89.4 MPH)
Top of the 3rd over - 6 runs, 7 hits, 0 errors, 1 left on base; Oakland (APP) 7 - Great Falls 1
BOTTOM OF THE 3RD
Great Falls Voyagers batting - Pitching for Oakland (APP) Athletics : RHP Jesus Moreno
Batting: RHB Billy Grubbs 0-0: Ball
1-0: Ball
2-0: Ball
3-0: Base on Balls
Batting: RHB Kasey Bland 0-0: Ball
1-0: Fielders Choice at 2nd, 6-4 (Groundball, 6M, EV 80.6 MPH)
Batting: SHB Jay Gagnon 0-0: Ball
1-0: Called Strike
1-1: Ball
2-1: Ball
Kasey Bland is caught stealing 2nd base 2-6
3-1: Foul Ball, location: 2F
3-2: Strikes out swinging
Bottom of the 3rd over - 0 runs, 0 hits, 0 errors, 0 left on base; Oakland (APP) 7 - Great Falls 1
TOP OF THE 4TH
Oakland (APP) Athletics batting - Pitching for Great Falls Voyagers : RHP Chris Worster
Batting: LHB Tomas Segarra 0-0: Foul Ball, location: 2F
0-1: Ball
1-1: Called Strike
1-2: SINGLE (Flyball, 8RS, EV 85.6 MPH)
Batting: RHB Matt Sherard 0-0: Called Strike
0-1: Called Strike
0-2: Ball
1-2: Foul Ball, location: 2F
1-2: Foul Ball, location: 2F
1-2: SINGLE (Groundball, 4MD, EV 106.2 MPH)
Tomas Segarra to second
Tomas Segarra to third
Batting: LHB Gregg Power 0-0: Called Strike
0-1: Ball
1-1: Ball
2-1: Called Strike
2-2: Strikes out looking
Batting: RHB Moses Brokken 0-0: Called Strike
Matt Sherard steals 2nd base
0-1: Ball
Wild Pitch!
Tomas Segarra scores
Matt Sherard to third
1-1: Ball
2-1: Called Strike
2-2: Strikes out swinging
Batting: LHB Tom Raupp 0-0: Called Strike
0-1: 2-RUN HOME RUN (Flyball, 9D, EV 99.4 MPH), Distance : 372 ft
Pitching: RHP Alec Guglielmo
Batting: RHB Tetsuya Shinoda 0-0: Called Strike
0-1: Swinging Strike
0-2: Foul Ball, location: 2F
0-2: Ball
1-2: Ball
2-2: Ball
3-2: Ground out 4-3 (Groundball, 4M, EV 86.9 MPH)
Top of the 4th over - 3 runs, 3 hits, 0 errors, 0 left on base; Oakland (APP) 10 - Great Falls 1
BOTTOM OF THE 4TH
Great Falls Voyagers batting - Pitching for Oakland (APP) Athletics : RHP Jesus Moreno
Batting: RHB Mike Rosa 0-0: Ball
1-0: Called Strike
1-1: Foul Ball, location: 2F
1-2: Ball
2-2: Fly out, F8 (Flyball, 89XD, EV 92.5 MPH)
Batting: RHB Duncan Collins 0-0: Called Strike
0-1: Ball
1-1: Ball
2-1: Foul Ball, location: 2F
2-2: Ball
3-2: DOUBLE (Line Drive, 78D, EV 105.0 MPH)
Batting: RHB Andy Cotton 0-0: Ball
1-0: Ball
2-0: Foul Ball, location: 2F
2-1: Foul Ball, location: 2F
2-2: Ball
3-2: Fly out, F9 (Flyball, 89S, EV 76.9 MPH)
Batting: RHB Mitch Cuadros 0-0: Foul Ball, location: 2F
0-1: SINGLE (Groundball, 56D, EV 99.4 MPH)
Duncan Collins to third
Runner from 3rd tries for Home, SAFE, throw by LF to home
Batting: RHB David Rhodes 0-0: Fly out, F9 (Flyball, 9D, EV 91.9 MPH)
Bottom of the 4th over - 1 run, 2 hits, 0 errors, 1 left on base; Oakland (APP) 10 - Great Falls 2
TOP OF THE 5TH
Oakland (APP) Athletics batting - Pitching for Great Falls Voyagers : RHP Alec Guglielmo
Batting: RHB Zack DiCicco 0-0: Ball
1-0: Ball
2-0: Ball
3-0: Base on Balls
Batting: RHB Marcus Kressley 0-0: Called Strike
Zack DiCicco steals 2nd base
0-1: Ball
1-1: Ball
2-1: SINGLE (Groundball, 6, EV 106.9 MPH)
Zack DiCicco to third
Batting: RHB Antonio Olivares 0-0: Ball
Marcus Kressley steals 2nd base
1-0: Called Strike
1-1: Ground out 1-3 (Groundball, 15S, EV 65.6 MPH)
Batting: LHB Tomas Segarra 0-0: Ball
1-0: Ball
2-0: Foul Ball, location: 2F
2-1: Foul Ball, location: 2F
2-2: Fly out, F8 (Flyball, 78S, EV 92.5 MPH)
Batting: RHB Matt Sherard 0-0: Called Strike
0-1: Called Strike
0-2: Ball
1-2: SINGLE (Line Drive, 6MD, EV 96.9 MPH)
Zack DiCicco scores
Marcus Kressley to third
Runner from 3rd tries for Home, SAFE, throw by CF to home
Batting: LHB Gregg Power 0-0: DOUBLE (Line Drive, 9LM, EV 94.4 MPH)
Matt Sherard to third
Runner from 3rd tries for Home, SAFE, throw by RF to home
Batting: RHB Moses Brokken 0-0: Ball
1-0: Foul Ball, location: 2F
1-1: Called Strike
1-2: Ball
2-2: 2-RUN HOME RUN (Flyball, 9D, EV 96.9 MPH), Distance : 380 ft
Pitching: RHP Harold Price
Batting: LHB Tom Raupp 0-0: Called Strike
0-1: Called Strike
0-2: Ball
1-2: Fly out, F7 (Line Drive, 78M, EV 87.5 MPH)
Top of the 5th over - 5 runs, 4 hits, 0 errors, 0 left on base; Oakland (APP) 15 - Great Falls 2
BOTTOM OF THE 5TH
Great Falls Voyagers batting - Pitching for Oakland (APP) Athletics : RHP Jesus Moreno
Batting: RHB Tommy Ellington 0-0: Fly out, F2 (Popup, 23F, EV 83.1 MPH)
Batting: RHB Billy Grubbs 0-0: Foul Ball, location: 2F
0-1: Ball
1-1: Swinging Strike
1-2: Ball
2-2: Ball
3-2: Strikes out swinging
Batting: RHB Kasey Bland 0-0: Foul Ball, location: 2F
0-1: SINGLE (Groundball, 5L, EV 99.4 MPH)
Batting: SHB Jay Gagnon 0-0: Ball
Kasey Bland steals 2nd, throwing error, E2
Kasey Bland to third
1-0: Called Strike
1-1: Ball
2-1: Swinging Strike
2-2: Foul Ball, location: 2F
2-2: Ball
3-2: Base on Balls
Batting: RHB Mike Rosa 0-0: Called Strike
0-1: Foul Ball, location: 2F
0-2: Strikes out swinging
Bottom of the 5th over - 0 runs, 1 hit, 1 error, 2 left on base; Oakland (APP) 15 - Great Falls 2
TOP OF THE 6TH
Oakland (APP) Athletics batting - Pitching for Great Falls Voyagers : RHP Harold Price
Batting: RHB Tetsuya Shinoda 0-0: Ball
1-0: Ball
2-0: Ground out 6-3 (Groundball, 56, EV 76.2 MPH)
Batting: RHB Zack DiCicco 0-0: Called Strike
0-1: Ball
1-1: Ball
2-1: Foul Ball, location: 2F
2-2: Foul Ball, location: 2F
2-2: SOLO HOME RUN (Flyball, 89XD, EV 103.1 MPH), Distance : 418 ft
Batting: RHB Marcus Kressley 0-0: Foul Ball, location: 2F
0-1: Ball
1-1: Ground out U3 (Groundball, 34S, EV 93.1 MPH)
Batting: RHB Antonio Olivares 0-0: Ball
1-0: Ball
2-0: Ground out 5-3 (Groundball, 56, EV 90.6 MPH)
Top of the 6th over - 1 run, 1 hit, 0 errors, 0 left on base; Oakland (APP) 16 - Great Falls 2
BOTTOM OF THE 6TH
Great Falls Voyagers batting - Pitching for Oakland (APP) Athletics : RHP Jesus Moreno
Pitching: RHP A.J. Marston
Batting: RHB Duncan Collins 0-0: Ball
1-0: SINGLE (Groundball, 56D, EV 101.9 MPH)
Batting: RHB Andy Cotton 0-0: Ball
1-0: Swinging Strike
1-1: Ball
2-1: Foul Ball, location: 2F
2-2: Ball
3-2: Strikes out swinging
Batting: RHB Mitch Cuadros 0-0: Ball
1-0: Ball
2-0: Ball
3-0: Called Strike
3-1: SINGLE (Flyball, 5D, EV 92.5 MPH)
Duncan Collins to second
Batting: RHB David Rhodes 0-0: Foul Ball, location: 2F
0-1: Foul Ball, location: 2F
0-2: Ball
1-2: Ball
2-2: Grounds into double play, 6-4-3 (Groundball, 6, EV 83.8 MPH)
Bottom of the 6th over - 0 runs, 2 hits, 0 errors, 1 left on base; Oakland (APP) 16 - Great Falls 2
TOP OF THE 7TH
Oakland (APP) Athletics batting - Pitching for Great Falls Voyagers : RHP Harold Price
Batting: LHB Tomas Segarra 0-0: Swinging Strike
0-1: Foul Ball, location: 2F
0-2: Ball
1-2: Ball
2-2: Ball
3-2: DOUBLE (Flyball, 8RXD, EV 103.8 MPH)
Pinch Hitting: LHB Augustin Cormier 0-0: Swinging Strike
0-1: Ball
Wild Pitch!
Tomas Segarra to third
1-1: Ball
2-1: Foul Ball, location: 2F
2-2: Ball
3-2: Ground out 6-3 (Groundball, 6M, EV 87.5 MPH)
Tomas Segarra scores
Batting: LHB Gregg Power 0-0: Ball
1-0: Called Strike
1-1: Fly out, F9 (Line Drive, 9, EV 97.5 MPH)
Pitching: LHP Ethan Villalobos
Batting: RHB Moses Brokken 0-0: Called Strike
0-1: Ball
1-1: Foul Ball, location: 2F
1-2: Foul Ball, location: 2F
1-2: Strikes out swinging
Top of the 7th over - 1 run, 1 hit, 0 errors, 0 left on base; Oakland (APP) 17 - Great Falls 2
BOTTOM OF THE 7TH
Great Falls Voyagers batting - Pitching for Oakland (APP) Athletics : RHP A.J. Marston
Now at 3B: Augustin Cormier
Batting: RHB Tommy Ellington 0-0: Ball
1-0: Ball
2-0: Foul Ball, location: 2F
2-1: Swinging Strike
2-2: Strikes out looking
Batting: RHB Billy Grubbs 0-0: Foul Ball, location: 2F
0-1: Foul Ball, location: 2F
0-2: Foul Ball, location: 2F
0-2: Strikes out looking
Batting: RHB Kasey Bland 0-0: Fly out, F5 (Popup, 56S, EV 82.5 MPH)
Bottom of the 7th over - 0 runs, 0 hits, 0 errors, 0 left on base; Oakland (APP) 17 - Great Falls 2
TOP OF THE 8TH
Oakland (APP) Athletics batting - Pitching for Great Falls Voyagers : LHP Ethan Villalobos
Batting: LHB Tom Raupp 0-0: Called Strike
0-1: Foul Ball, location: 2F
0-2: Strikes out looking
Batting: RHB Tetsuya Shinoda 0-0: Ball
1-0: Called Strike
1-1: Called Strike
1-2: Fly out, F4 (Line Drive, 4, EV 70.0 MPH)
Batting: RHB Zack DiCicco 0-0: Called Strike
0-1: Called Strike
0-2: Ball
1-2: Foul Ball, location: 2F
1-2: Strikes out swinging
Top of the 8th over - 0 runs, 0 hits, 0 errors, 0 left on base; Oakland (APP) 17 - Great Falls 2
BOTTOM OF THE 8TH
Great Falls Voyagers batting - Pitching for Oakland (APP) Athletics : RHP A.J. Marston
Batting: SHB Jay Gagnon 0-0: Ball
1-0: Foul Ball, location: 2F
1-1: Swinging Strike
1-2: Strikes out looking
Batting: RHB Mike Rosa 0-0: Foul Ball, location: 2F
0-1: Ball
1-1: Foul Ball, location: 2F
1-2: Ball
2-2: Foul Ball, location: 2F
2-2: Strikes out swinging
Pinch Hitting: LHB Jeff Alphonso 0-0: Called Strike
0-1: Called Strike
0-2: Ball
1-2: Foul Ball, location: 2F
1-2: Ground out 4-3 (Groundball, 4, EV 91.2 MPH)
Bottom of the 8th over - 0 runs, 0 hits, 0 errors, 0 left on base; Oakland (APP) 17 - Great Falls 2
TOP OF THE 9TH
Oakland (APP) Athletics batting - Pitching for Great Falls Voyagers : LHP Ethan Villalobos
Now in RF: Jeff Alphonso
Batting: RHB Marcus Kressley 0-0: Called Strike
0-1: Ground out 3-1 (Groundball, 34, EV 103.1 MPH)
Batting: RHB Antonio Olivares 0-0: Ball
1-0: Ball
2-0: Ball
3-0: Called Strike
3-1: Base on Balls
Batting: LHB Tomas Segarra 0-0: Ball
1-0: Ball
2-0: Ball
3-0: Called Strike
3-1: Foul Ball, location: 2F
3-2: Base on Balls
Antonio Olivares to second
Batting: LHB Augustin Cormier 0-0: Grounds into double play, 4-6-3 (Groundball, 4M, EV 85.0 MPH)
Top of the 9th over - 0 runs, 0 hits, 0 errors, 1 left on base; Oakland (APP) 17 - Great Falls 2
BOTTOM OF THE 9TH
Great Falls Voyagers batting - Pitching for Oakland (APP) Athletics : RHP A.J. Marston
Pitching: RHP Jesus Gonzales
Batting: RHB Andy Cotton 0-0: Called Strike
0-1: Ball
1-1: Foul Ball, location: 2F
1-2: Ball
2-2: Fly out, F4 (Flyball, 34D, EV 88.8 MPH)
Batting: RHB Mitch Cuadros 0-0: Ball
1-0: Foul Ball, location: 2F
1-1: Fly out, F8 (Line Drive, 8LM, EV 85.0 MPH)
Batting: RHB David Rhodes 0-0: Called Strike
0-1: Ball
1-1: Called Strike
1-2: Foul Ball, location: 2F
1-2: Fly out, F8 (Line Drive, 78D, EV 93.1 MPH)
Bottom of the 9th over - 0 runs, 0 hits, 0 errors, 0 left on base; Oakland (APP) 17 - Great Falls 2
Tuesday, September 13th , 2022 - OOTP Baseball 23.7 Build 88